 Dungeon Sprint DCSS version 0.21-a0-94-gdd6ab6a (webtiles) character file.

95 Kidiri the Sneak (level 4, -5/23 HPs)
             Began as a Spriggan Enchanter on July 1, 2017.
             Slain by an ice beast (13 damage)
             ... in the Dungeon (Sprint IX: "|||||||||||||||||||||||||||||").
             The game lasted 00:00:48 (97 turns).

Kidiri the Sneak (Spriggan Enchanter)                 Turns: 97, Time: 00:00:48

Health: -5/23      AC:  2    Str:  4    XL:     4   Next: 39%
Magic:  12/12      EV: 21    Int: 16    God:
Gold:   0          SH:  0    Dex: 17    Spells: 12/13 levels left

rFire    . . .     SeeInvis +   a - +1 dagger
rCold    . . .     Gourm    .   (shield restricted)
rNeg     . . .     Faith    .   b - +0 robe
rPois    .         Spirit   .   (helmet restricted)
rElec    .         Reflect  .   (no cloak)
rCorr    .         Harm     .   (gloves unavailable)
MR       .....     NoTele   +   (boots unavailable)
Stlth    ++++......             (no amulet)
HPRegen  0.07/turn              (no ring)
MPRegen  0.13/turn              (no ring)

@: lethally poisoned (-5 -> -8), berserk cooldown, slowed, quick
A: unfitting armour, see invisible, herbivore 3, speed 3, slow metabolism 2
a: no special abilities


You were in the Dungeon.
You were not hungry.

You visited 1 branch

Inventory:

Hand Weapons
 a - a +1 dagger (weapon)
Armour
 b - a +0 robe (worn)
Scrolls
 j - a scroll of blinking
Potions
 g - a potion of haste
 h - 2 potions of magic
Books
 c - a book of Maledictions

   Spells                             Type                      Level
   a - Corona                         Hexes                        1
   b - Ensorcelled Hibernation        Hexes/Ice                    2
   c - Confuse                        Hexes                        3
   d - Tukima's Dance                 Hexes                        3
   e - Dazzling Spray                 Conjuration/Hexes            3
Comestibles
 d - a bread ration


   Skills:
 + Level 1.9 Fighting
 * Level 4.0 Short Blades
 + Level 1.5 Armour
 * Level 5.8 Dodging
 * Level 7.5 Stealth
 * Level 5.3 Spellcasting
 + Level 4.6 Hexes


You had 12 spell levels left.
You knew the following spells:

 Your Spells              Type           Power        Failure   Level  Hunger
a - Corona                Hex            ###....      2%          1    None


Dungeon Overview and Level Annotations

Branches:
Dungeon (1/1)

Altars:


Innate Abilities, Weirdness & Mutations

You are very small and have problems with some larger weapons.
You are too small for most types of armour.
You have supernaturally acute eyesight. (SInv)
You are a herbivore.
You cover ground extremely quickly.
You need consume almost no food.


Message History

Your Stealth skill increases to level 7!
Your Spellcasting skill increases to level 5!
You have reached level 4!
You hit the ice beast.
The ice beast is moderately wounded.
You are no longer berserk.
You are exhausted.
You feel yourself slow down.
You feel sick. The ice beast misses you.
You barely miss the ice beast.
The ice beast is moderately wounded.
You are no longer corroded.
The ice beast barely misses you.
You barely miss the ice beast.
The ice beast is lightly wounded.
You feel sick. The ice beast misses you.
You hit the ice beast but do no damage.
The ice beast is lightly wounded.
The ice beast hits you. The ice beast freezes you!
Ouch! That really hurt!
You die... ▓▓▓▓▓▓▓▓▓▓▓▓▓▓▓▓▓▓ ▓<...(.)@Ya'.....+ ▓▓▓▓▓▓▓▓▓▓▓▓▓▓▓▓▓▓

You could see an ice beast and a worker ant.

Vanquished Creatures
  A scorpion (D)
  A jelly (D)
  An adder (D)
  A dart slug (D)
  A goblin (D)
  A kobold (D)
  A bat (D)
  A rat (D)
8 creatures vanquished.

Notes
Turn   | Place    | Note
-------+----------+-------------------------------------------
     0 | D        | Kidiri the Spriggan Enchanter began the quest for the Orb.
     0 | D        | Reached XP level 1. HP: 9/9 MP: 5/5
    16 | D        | Reached skill level 5 in Stealth
    68 | D        | Noticed a jelly
    68 | D        | Noticed a scorpion
    68 | D        | Noticed an ice beast
    68 | D        | Noticed a worker ant
    70 | D        | Reached skill level 1 in Fighting
    70 | D        | Reached XP level 2. HP: 14/14 MP: 8/8
    80 | D        | Reached skill level 1 in Armour
    80 | D        | Reached skill level 6 in Stealth
    80 | D        | Reached XP level 3. HP: 18/18 MP: 10/10
    93 | D        | Killed a scorpion
    93 | D        | Reached skill level 5 in Dodging
    93 | D        | Reached skill level 7 in Stealth
    93 | D        | Reached skill level 5 in Spellcasting
    93 | D        | Reached XP level 4. HP: 16/23 MP: 12/12
    97 | D        | Slain by an ice beast

Vault maps used:
D:        linesprint

Skill      XL: |  1  2  3 |
---------------+----------+-----
Spellcasting   | 4 5 |  5.3
Stealth        | 5 6 7 |  7.5
Fighting       | 1 |  1.9
Short Blades   | 2 3 4 |  4.0
Armour         | 1 |  1.5
Dodging        | 4 5 |  5.8
Hexes          | 4 |  4.6

Action                   |  1- 3 |  4- 6 || total
-------------------------+-------+-------++-------
Melee: Dagger            |    39 |     4 ||    43
 Cast: Corona            |     4 |       ||     4
  Use: Potion            |     3 |       ||     3
 Stab: Sleeping          |     2 |       ||     2
Dodge: Dodged            |    26 |     3 ||    29
